 Dungeon Crawl Stone Soup version 0.23.0-3-gf3c87f2 (webtiles) character file.

Game seed: 9991612748819481481

43 Scud the Sneak (level 3, -5/16 HPs)
             Began as a Vine Stalker Enchanter on Feb 22, 2019.
             Slain by a bullfrog skeleton (6 damage)
             ... on level 2 of the Dungeon.
             The game lasted 00:05:53 (1155 turns).

Scud the Sneak (Vine Stalker Enchanter)             Turns: 1155, Time: 00:05:54

Health: -5/16      AC:  2    Str:  7 (10) XL:     3   Next: 58%
Magic:  0/7        EV: 12    Int: 14 (15) God:
Gold:   84         SH:  0    Dex: 12 (15) Spells: 5/6 levels left

rFire    . . .     SeeInvis .   a - +1 dagger
rCold    . . .     Gourm    .   (no shield)
rNeg     . . .     Faith    .   b - +0 robe
rPois    .         Spirit   +   (no helmet)
rElec    .         Reflect  .   (no cloak)
rCorr    .         Harm     .   (no gloves)
MR       .....                  (no boots)
Stlth    +++.......             (no amulet)
HPRegen  0.05/turn              (no ring)
MPRegen  0.10/turn              (no ring)

@: no status effects
A: fangs 2, magic shield, antimagic bite, no potion heal 3, rot immunity
a: no special abilities


You were on level 2 of the Dungeon.
You were not hungry.

You visited 1 branch of the dungeon, and saw 2 of its levels.

You collected 84 gold pieces.

Inventory:

Hand Weapons
 a - a +1 dagger (weapon)
Armour
 b - a +0 robe (worn)
Jewellery
 i - a +2 ring of strength {unknown}
Scrolls
 h - a scroll of teleportation
 j - a scroll of identify {unknown}
Comestibles
 c - 3 chunks of flesh
 d - 4 rations


   Skills:
 + Level 1.1 Short Blades
 + Level 1.8 Dodging
 + Level 4.5 Stealth
 + Level 2.3 Spellcasting
 + Level 3.5 Hexes


You had 5 spell levels left.
You knew the following spells:

 Your Spells              Type           Power        Failure   Level  Hunger
a - Corona                Hex            ##.....      5%          1    #......

Your spell library contained the following spells:

 Spells                   Type           Power        Failure   Level  Hunger
 Confuse                  Hex            ##......     16%         3    ###....
 Tukima's Dance           Hex            ##......     16%         3    ###....
 Ensorcelled Hibernation  Hex/Ice        #.....       17%         2    ###....
 Dazzling Spray           Conj/Hex       #.....       32%         3    ###....


Dungeon Overview and Level Annotations

Branches:
Dungeon (2/15)

Altars:


Innate Abilities, Weirdness & Mutations

You have extremely sharp teeth.
When hurt, damage is shared between your health and your magic reserves.
Your bite disrupts and absorbs the magic of your enemies.
Potions cannot restore your health.
You are immune to rotting.


Message History

The bullfrog skeleton closely misses you.
You barely miss the bullfrog skeleton. Your bite misses the bullfrog skeleton.
The bullfrog skeleton hits you but does no damage.
You hit the bullfrog skeleton.
The bullfrog skeleton is lightly damaged.
The bullfrog skeleton hits you.
You hit the bullfrog skeleton.
The bullfrog skeleton is lightly damaged.
The bullfrog skeleton hits you.
* * * LOW HITPOINT WARNING * * *
You hit the bullfrog skeleton. You bite the bullfrog skeleton.
You drain its power.
You feel invigorated.
The bullfrog skeleton is moderately damaged.
The bullfrog skeleton closely misses you.
The bullfrog skeleton hits you.
* * * LOW HITPOINT WARNING * * *
You hit the bullfrog skeleton.
The bullfrog skeleton is moderately damaged.
The bullfrog skeleton hits you!
You die...

###.## ###
#####....# #..
..##.#.## #.#
#.##.###
#######.####.##.#
.......).÷##...##.#
#######.#.........+
#÷####..###.#
#..@Z...# #
#######.# #...
...... ..#.#.#
#.#.# # .#.# ..


You could see a bullfrog skeleton.

Vanquished Creatures
  3 adders (D:2)
  A dart slug (D:1)
  3 goblins (D:1)
  3 hobgoblins
  2 bats (D:1)
  A frilled lizard (D:1)
  A rat (D:1)
14 creatures vanquished.

Notes
Turn   | Place    | Note
-------+----------+-------------------------------------------
     0 | D:1      | Scud the Vine Stalker Enchanter began the quest for the
                  | Orb.
     0 | D:1      | Reached XP level 1. HP: 9/9 MP: 4/4
   190 | D:1      | Reached skill level 1 in Short Blades
   218 | D:1      | Reached skill level 4 in Stealth
   218 | D:1      | Reached XP level 2. HP: 6/13 MP: 1/6
   748 | D:2      | Reached XP level 3. HP: 4/16 MP: 0/7
  1155 | D:2      | Slain by a bullfrog skeleton

Skill      XL: |  1 |
---------------+----+-----
Short Blades   | 1 |  1.1
Stealth        | 4 |  4.5
Dodging        | |  1.8
Spellcasting   | |  2.3
Hexes          | |  3.5

Action                   || total
-------------------------++-------
Melee: Dagger            ||    44
       Bite              ||     8
 Cast: Corona            ||     3
  Use: Scroll            ||     3
       Potion            ||     5
 Stab: Sleeping          ||     5
  Eat: Chunk             ||     1
Armor: Robe              ||     3
Dodge: Dodged            ||    24
